 Dungeon Crawl Stone Soup version 0.28-a0-46-g7b1be97 (webtiles) character file.

Game seed: 8375228582562794342

9731 HDogLeCool the Spear-Bearer (level 11, -4/95 HPs)
             Began as a Yellow Draconian Monk on July 29, 2021.
             Was a High Priest of Sif Muna.
             Killed from afar by a fire dragon (33 damage)
             ... with a blast of flame
             ... on level 11 of the Dungeon.
             The game lasted 00:44:20 (17981 turns).

HDogLeCool the Spear-Bearer (DrMo)                 Turns: 17981, Time: 00:44:20

Health: -4/95      AC: 13    Str: 15    XL:     11   Next: 26%
Magic:  19/19      EV: 10    Int: 12    God:    Sif Muna [*****.]
Gold:   683        SH: 13    Dex: 14    Spells: 12/21 levels left

rFire   . . .      SeeInvis .   M - +1 spear (vorpal)
rCold   . . .      Faith    .   w - +0 tower shield
rNeg    . . .      Spirit   .   (armour unavailable)
rPois   .          Reflect  .   (helmet restricted)
rElec   .          Harm     .   D - +0 cloak
rCorr   +          Rampage  .   s - +0 pair of gloves
Will    .....                   (no boots)
Stlth   ++........              r - amulet of magic regeneration
HPRegen 0.25/turn               x - +4 ring of protection
MPRegen 0.41/turn               g - +4 ring of slaying

@: short of breath
A: spit acid, AC +7, unfitting armour, cold-blooded, acid resistance
a: Breathe Acid, Renounce Religion, Channel Magic, Forget Spell, Divine Exegesis


You were on level 11 of the Dungeon.
You worshipped Sif Muna.
Sif Muna was extremely pleased with you.
You visited 1 branch of the dungeon, and saw 11 of its levels.

You collected 683 gold pieces.

Inventory:

Hand Weapons
 e - a +0 dagger of venom
 t - the +7 flail of the Leaping Soothsayer {spect, rC+ Will+}
   (You found it on level 5 of the Dungeon)

   When its wielder attacks, the weapon's spirit leaps out and strikes again.
   The spirit shares a part of any damage it takes with its wielder.
   rC:        It protects you from cold.
   Will:      It increases your willpower.
 K - a +0 glaive
 M - a +1 vorpal spear (weapon)
Missiles
 c - 62 poisoned darts (quivered)
 u - 7 curare-tipped darts
Armour
 s - a +0 pair of gloves (worn)
 w - a +0 tower shield (worn)
 D - a +0 cloak (worn)
Jewellery
 f - a ring of resist corrosion
 g - a +4 ring of slaying (right hand)
 q - a +6 ring of strength
 r - an amulet of magic regeneration (around neck)
 x - a +4 ring of protection (left hand)
 I - a +6 ring of strength
Wands
 b - a wand of digging (3)
 v - a wand of paralysis (6)
 B - a wand of flame (19)
 F - a wand of iceblast (11)
Scrolls
 a - 2 scrolls of noise
 h - a scroll of fog
 i - 8 scrolls of teleportation
 n - 4 scrolls of enchant armour
 o - a scroll of silence
 y - a scroll of magic mapping {unknown}
 A - 2 scrolls of enchant weapon
 C - a scroll of fear {unknown}
 E - a scroll of vulnerability {unknown}
 J - 2 scrolls of amnesia
Potions
 d - a potion of ambrosia
 j - a potion of magic
 k - a potion of might {unknown}
 l - a potion of invisibility
 m - a potion of flight
 p - a potion of attraction
 z - a potion of mutation
 G - 3 potions of cancellation
 L - a potion of lignification


   Skills:
 - Level 8.6 Fighting
 + Level 13.2 Polearms
 - Level 6.9 Dodging
 - Level 3.0 Stealth
 * Level 3.5 Shields
 + Level 5.7 Spellcasting
 - Level 4.0 Conjurations
 - Level 3.0 Air Magic
 - Level 3.0 Earth Magic
 - Level 3.0 Poison Magic


You had 12 spell levels left.
You knew the following spells:

 Your Spells              Type           Power      Damage    Failure   Level
a - Dazzling Flash        Conj/Hex       16%        N/A       98%         3
b - Stone Arrow           Conj/Erth      22%        3d8       91%         3
c - Mephitic Cloud        Conj/Pois/Air  11%        N/A       92%         3

Your spell library contained the following spells:

 Spells                   Type           Power      Damage    Failure   Level
 Magic Dart               Conj           52%        1d5       50%         1
 Shock                    Conj/Air       44%        1d5       56%         1
 Swiftness                Air            10%        N/A       95%         3
 Animate Skeleton         Necr           6%         N/A       96%         1
 Pain                     Necr           12%        1d4       96%         1
 Blink                    Tloc           N/A        N/A       99%         2
 Call Imp                 Summ           3%         N/A       99%         2
 Lesser Beckoning         Tloc           1%         N/A       100%        3
 Vampiric Draining        Necr           1%         2d6       100%        3
 Airstrike                Air            5%         N/A       100%        4
 Hailstorm                Conj/Ice       8%         3d4       100%        4
 Ice Form                 Ice/Tmut       3%         N/A       100%        4
 Iskenderun's Mystic Bla  Conj/Tloc      8%         2d4       100%        4
 Manifold Assault         Tloc           3%         N/A       100%        5
 Simulacrum               Ice/Necr       1%         N/A       100%        6
 Starburst                Conj/Fire      4%         8x6d3     100%        6
 Lehudib's Crystal Spear  Conj/Erth      5%         10d3      100%        8
 Animate Armour           Summ/Erth      Unusable   N/A       N/A         4

Dungeon Overview and Level Annotations

Branches:
Dungeon (11/15)            Temple (0/1) D:6            Lair (0/6) D:11
    Orc: D:9-12

Altars:
Okawaru
Sif Muna


Innate Abilities, Weirdness & Mutations

You can spit globs of acid.
Your golden yellow scales are hard. (AC +7)
You cannot fit into any form of body armour.
You are cold-blooded and may be slowed by cold attacks.
You are resistant to acid. (rCorr)


Message History

You puncture the fire dragon!
The fire dragon is lightly wounded.
The fire dragon bites you!
The fire dragon claws you but does no damage.
The fire dragon tramples you but does no damage.
Press: ? - help, Shift-Dir - straight line, f - centaur
Aim: a centaur, wielding a +0 shortbow and quivering arrows You spit a glob of acid.
The glob of acid misses the fire dragon.
The glob of acid hits the centaur!
The centaur is splashed with acid.
The acid corrodes the centaur!
The centaur is heavily wounded.
The acid splashes onto the centaur!
The centaur is splashed with acid.
The acid splashes onto the fire dragon!
The fire dragon is splashed with acid.
The acid corrodes the fire dragon!
The fire dragon barely misses you.
The fire dragon claws you but does no damage.
The fire dragon tramples you but does no damage.
You closely miss the fire dragon.
The fire dragon is lightly wounded.
The fire dragon bites you! The fire dragon claws you.
You block the fire dragon's attack.
You hit the fire dragon.
The fire dragon is moderately wounded.
You block the fire dragon's attack. x2; The fire dragon completely misses you.
You barely miss the fire dragon.
The fire dragon is moderately wounded.
The fire dragon bites you! The fire dragon claws you.
You block the fire dragon's attack.
You hit the fire dragon.
The fire dragon is moderately wounded.
You puncture the fire dragon!
The fire dragon is moderately wounded.
You block the fire dragon's attack. The fire dragon barely misses you.
You block the fire dragon's attack.
Okay, then.
You hit the fire dragon. You tail-slap the fire dragon.
The fire dragon is heavily wounded.
The fire dragon breathes flames at you. The blast of flame hits you!!
You die...

..........##........#
..........##.>......#
..........##......(.#
...........#........#
....................#.
..........#...†.......
#######'####........##
###)..# #........#
#cD@### ##.#######
#c### #.......#
#..c....# #######'##
#.......# ##........
.'..o....# .'....<...
...#.......+
##........ .#
#.....c.# #........
#.......# #........
#.......# #........


You could see a fire dragon (catching breath, corroded) and 3 centaurs.

Vanquished Creatures
  A two-headed ogre (D:9)
  An ugly thing (D:6)
  A manticore (D:11)
  Psyche (D:8)
  2 trolls
  2 hornets
  Grinder (D:3)
  A wyvern (D:8)
  Eustachio (D:3)
  7 yaks (D:10)
  Grum (D:10)
  A basilisk (D:11)
  2 vampire mosquitoes (D:11)
  2 steam dragons
  2 acid dragons
  4 water moccasins
  2 orc warriors (D:9)
  3 ice beasts
  An ogre (D:4)
  3 wolves (D:10)
  5 centaurs
  A phantom (D:6)
  2 kobold brigands
  2 bullfrogs
  A gnoll sergeant (D:9)
  A water moccasin zombie (D:3)
  4 scorpions
  10 killer bees
  8 wights
  3 howler monkeys
  2 centaur zombies
  3 hounds
  2 jellies
  5 orc priests
  A bullfrog skeleton (D:5)
  A centaur skeleton (D:5)
  3 gnoll shamans
  Jessica (D:3)
  11 orc wizards
  2 iguanas (D:4)
  Terence (D:3)
  A killer bee zombie (D:9)
  A hound skeleton (D:3)
  6 adders
  12 gnolls
  A shadow imp (D:8)
  A white imp (D:6)
  An ufetubus (D:5)
  An adder skeleton (D:4)
  3 worms
  2 dart slugs (D:1)
  36 orcs
  10 ball pythons
  3 endoplasms
  4 giant cockroaches
  8 hobgoblins
  7 jackals
  13 kobolds
  4 quokkas
  2 bats
  3 frilled lizards
  4 goblins
  3 rats
234 creatures vanquished.

Vanquished Creatures (others)
  A wight (D:8)
1 creature vanquished.

Grand Total: 235 creatures vanquished

Notes
Turn   | Place    | Note
-------+----------+-------------------------------------------
     0 | D:1      | HDogLeCool the Draconian Monk began the quest for the Orb.
     0 | D:1      | Reached XP level 1. HP: 19/19 MP: 1/1
   309 | D:1      | Reached XP level 2. HP: 26/26 MP: 2/2
   792 | D:1      | Reached XP level 3. HP: 24/31 MP: 3/3
  1769 | D:2      | Found a faded altar of an unknown god.
  1775 | D:2      | Became a worshipper of Sif Muna the Loreminder
  1775 | D:2      | Reached * piety under Sif Muna
  1775 | D:2      | Reached ** piety under Sif Muna
  1813 | D:2      | Reached XP level 4. HP: 27/40 MP: 4/4
  1951 | D:2      | Reached *** piety under Sif Muna
  2207 | D:2      | Reached skill level 4 in Polearms
  2530 | D:3      | Noticed Terence
  2547 | D:3      | Killed Terence
  2822 | D:3      | Learned a level 3 spell: Dazzling Flash
  2962 | D:3      | Reached XP level 5. HP: 25/46 MP: 5/5
  3102 | D:3      | Noticed Grinder
  3102 | D:3      | Noticed Jessica
  3110 | D:3      | Paralysed by Grinder for 7 turns
  3214 | D:4      | Noticed an ogre
  3617 | D:3      | Identified a scroll of acquirement
  3617 | D:3      | Acquired a manual of Polearms
  3846 | D:3      | Paralysed by Grinder for 6 turns
  4111 | D:3      | Killed Jessica
  4112 | D:3      | Reached skill level 1 in Conjurations
  4140 | D:3      | HP: 2/46 [Grinder (6)]
  4531 | D:4      | Reached skill level 5 in Polearms
  4598 | D:4      | Reached XP level 6. HP: 45/53 MP: 6/6
  5129 | D:4      | Noticed Eustachio
  5801 | D:4      | Reached skill level 1 in Spellcasting
  5970 | D:4      | Reached skill level 6 in Polearms
  5970 | D:4      | Your scales start taking on a golden yellow colour.
  5970 | D:4      | Reached XP level 7. HP: 60/60 MP: 8/8
  5970 | D:4      | Gained mutation: You are resistant to acid. (rCorr) [Yellow
                  | Draconian growth]
  7210 | D:3      | Killed Eustachio
  7211 | D:3      | Reached skill level 5 in Fighting
  7211 | D:3      | Reached skill level 7 in Polearms
  7294 | D:3      | Killed Grinder
  7295 | D:3      | Reached XP level 8. HP: 68/68 MP: 9/11
  8082 | D:5      | Entered Level 5 of the Dungeon
  8204 | D:5      | Identified the +7 flail of the Leaping Soothsayer {spect,
                  | rC+ Will+}
  8279 | D:5      | Reached skill level 8 in Polearms
  8418 | D:5      | Reached **** piety under Sif Muna
  9129 | D:5      | Reached skill level 9 in Polearms
  9129 | D:5      | Reached skill level 5 in Dodging
  9357 | D:6      | Learned a level 3 spell: Stone Arrow
  9400 | D:6      | Found a staircase to the Ecumenical Temple.
  9792 | D:6      | Reached skill level 1 in Earth Magic
  9895 | D:6      | Found Zeosem's Assorted Antiques.
 10010 | D:6      | Reached XP level 9. HP: 24/75 MP: 12/14
 10956 | D:6      | Noticed a troll
 10972 | D:6      | Killed a troll
 10973 | D:6      | Reached skill level 10 in Polearms
 11071 | D:6      | Found the +27 Lear's hauberk
 11228 | D:7      | Noticed a green ugly thing
 11251 | D:6      | Killed a green ugly thing
 11252 | D:6      | Reached skill level 11 in Polearms
 11571 | D:7      | Found an iron altar of Okawaru.
 12049 | D:7      | Learned a level 3 spell: Mephitic Cloud
 12631 | D:8      | Reached skill level 1 in Poison Magic
 12631 | D:8      | Reached XP level 10. HP: 85/86 MP: 16/16
 12649 | D:8      | Reached skill level 1 in Air Magic
 13136 | D:8      | Noticed Psyche
 13149 | D:8      | Killed Psyche
 13150 | D:8      | Reached skill level 12 in Polearms
 13933 | D:9      | Noticed a two-headed ogre
 14719 | D:9      | Paralysed by a hornet for 2 turns
 15503 | D:9      | Killed a two-headed ogre
 15720 | D:9      | Reached skill level 5 in Spellcasting
 15737 | D:9      | Reached ***** piety under Sif Muna
 15903 | D:10     | Entered Level 10 of the Dungeon
 16004 | D:10     | Noticed Grum
 16011 | D:10     | Reached skill level 13 in Polearms
 16019 | D:10     | Killed Grum
 16558 | D:10     | Reached skill level 1 in Shields
 16558 | D:10     | Reached XP level 11. HP: 92/95 MP: 18/18
 16605 | D:10     | Received a gift from Sif Muna
 17412 | D:11     | Found a staircase to the Lair.
 17960 | D:11     | Noticed a fire dragon
 17981 | D:11     | Killed from afar by a fire dragon

Illustrated notes

Levels and vault maps discovered:
D:1:      minmay_arrival_floating_metal, layout_basic
D:2:      layout_basic, basic_ecumenical_altar
D:3:      layout_basic, dk_noncrumbling_3, uniq_grinder, uniq_terence,
          uniq_jessica
D:4:      layout_basic, serial_corexii_hall, corexii_hall_statues_x,
          chequers_hall_statues_wall_a, uniq_eustachio
D:5:      layout_loops_ring
D:6:      layout_rooms, minmay_temple_entry_grid, serial_shops,
          nicolae_lakefront_shop, minivault_5, hellmonk_guarded_unrand_lears
D:7:      layout_cave_pools, old_standard_altar
D:8:      layout_basic, kennysheep_dice, uniq_psyche
D:9:      layout_loops_ring, minmay_misc_feat_plants,
          kennysheep_decorative_pillar
D:10:     layout_basic, uniq_grum
D:11:     layout_roguey, dpeg_oklobed_lair, orc_0_dummy

Skill      XL: |  1  2  3  4  5  6  7  8  9 10 11 |
---------------+----------------------------------+-----
Stealth        | 2 3 |  3.0
Dodging        | 3 4 5 6 |  6.9
Polearms       | 4 5 6 7 9 11 13 | 13.2
Fighting       | 4 5 6 7 8 |  8.6
Conjurations   | 1 2 3 4 |  4.0
Spellcasting   | 1 2 3 4 5 |  5.7
Earth Magic    | 1 3 |  3.0
Poison Magic   | 1 3 |  3.0
Air Magic      | 3 |  3.0
Shields        | 1 3 |  3.5

Action                   |  1- 3 |  4- 6 |  7- 9 | 10-12 || total
-------------------------+-------+-------+-------+-------++-------
Melee: Spear             |   191 |   308 |   118 |   161 ||   778
       Tailslap          |    12 |    42 |    58 |    38 ||   150
       Trident           |       |       |   211 |    89 ||   300
       Glaive            |       |       |       |   137 ||   137
       Halberd           |       |       |       |    12 ||    12
Throw: Dart              |       |     3 |     3 |     3 ||     9
Invok: Channel Magic     |       |       |     1 |       ||     1
 Abil: Breathe Acid      |       |       |     9 |     8 ||    17
  Use: Scroll            |       |    10 |     3 |     6 ||    19
       Potion            |       |     3 |     1 |     1 ||     5
 Stab: Sleeping          |     4 |     9 |     5 |     5 ||    23
       Distracted        |       |       |       |     1 ||     1
Armor: Skin              |    55 |    57 |    75 |   126 ||   313
Dodge: Dodged            |    97 |   173 |   181 |   222 ||   673
Block: Tower shield      |       |       |       |    89 ||    89

Table legend: (Time is in decaauts)
 A = Elapsed time spent in this place.
 B = Non-inter-level travel time spent in this place.
 C = Inter-level travel time spent in this place.
 D = Time resting spent in this place.
 E = Time spent auto-exploring this place.
 F = Levels seen in this place.
 G = Mean time per level.
                   A        B        C        D        E       F      G
               +--------+--------+--------+--------+--------+-----+--------+
         Total |  17869 |  16752 |   1117 |   5572 |   8458 |  11 | 1624.5 |
       Dungeon |  17869 |  16752 |   1117 |   5572 |   8458 |  11 | 1624.5 |
               +--------+--------+--------+--------+--------+-----+--------+

Top non-repeatable levels by time:
     D:4: 3669 daAuts
     D:8: 2006 daAuts
     D:6: 1889 daAuts
     D:3: 1816 daAuts
     D:9: 1501 daAuts
     D:1: 1417 daAuts
    D:10: 1371 daAuts
     D:5: 1334 daAuts
     D:2: 1244 daAuts
     D:7: 1000 daAuts
    D:11: 617 daAuts
